 Dungeon Crawl Stone Soup version 0.31.0-32-g396128a36d (webtiles) character file.

Game seed: 6427749034180944726

66 Peloso the Trooper (level 3, -2/33 HPs)
             Began as a Minotaur Fighter on Apr 3, 2024.
             Slain by an ogre
             ... wielding a +0 giant club
              (24 damage)
             ... on level 4 of the Dungeon.
             The game lasted 00:03:22 (1434 turns).

Peloso the Trooper (Minotaur Fighter)               Turns: 1434, Time: 00:03:23

Health: -2/33      AC:  7    Str: 20    XL:     3   Next: 96%
Magic:  2/2        EV:  9    Int:  5    God:
Gold:   147        SH:  4    Dex: 11    Spells: 2/2 levels left

rFire   . . .        a - +0 long sword
rCold   . . .        c - +0 buckler
rNeg    . . .        b - +0 scale mail
rPois   .            (helmet restricted)
rElec   .            (no cloak)
rCorr   .            (no gloves)
SInv    .            (no boots)
Will    .....        (no amulet) Stlth
                     (no ring)
HPRegen 0.25/turn    (no ring)
MPRegen 0.08/turn

%: no passive effects
@: mighty, invisible
A: horns 2, retaliatory headbutt
a: no special abilities


You were on level 4 of the Dungeon.
You visited 1 branch of the dungeon, and saw 4 of its levels.

You collected 147 gold pieces.

Inventory:

Hand Weapons
 a - a +0 long sword (weapon)
Armour
 b - a +0 scale mail (worn)
 c - a +0 buckler (worn)
Jewellery
 i - an amulet of magic regeneration
Scrolls
 f - a scroll of brand weapon
 m - a scroll of fog
Potions
 k - a potion of ambrosia
 l - 2 potions of degeneration {unknown}
 n - a potion of enlightenment {unknown}


   Skills:
 + Level 4.2 Fighting
 + Level 3.4 Long Blades
 + Level 4.1 Armour
 + Level 1.0 Dodging
 + Level 4.2 Shields


You had 2 spell levels left.
You didn't know any spells.
Your spell library contained the following spells:

 Spells                   Type           Power      Damage    Failure   Level
 Kiss of Death            Conj/Necr      0%         2d5       88%         1
 Confusing Touch          Hex            0%         N/A       99%         3
 Dispel Undead            Necr           0%         3d6       100%        4


Dungeon Overview and Level Annotations

Branches:
Dungeon (4/15)
 Temple: D:4-7

Altars:
Fedhas
Makhleb
Zin

Annotations:
D:2 Sigmund


Innate Abilities, Weirdness & Mutations

You have a pair of horns on your head.
You reflexively headbutt those who attack you in melee.


Message History

It was a scroll of fog.
As you read the scroll labelled ESEV IRORAUFUE, it crumbles to dust.
You feel strangely unstable.
It was a scroll of teleportation.
Unknown command.
The air fills with toxic fumes!
As you read the scroll labelled SEAFAQ QAREUW, it crumbles to dust.
It was a scroll of poison.
Unknown command.
You start waiting.
Your surroundings suddenly seem different.
You start waiting.
Done waiting.
You start waiting.
Done waiting.
There is a stone staircase leading down here.
You climb downwards.
There is a stone staircase leading up here.
A scorpion is nearby!
An ogre comes into view. It is wielding a +0 giant club.
The ogre shouts!
You slash the scorpion! Your headbutt misses the scorpion.
The scorpion is heavily wounded.
The scorpion misses you.
You closely miss the scorpion. Your headbutt misses the scorpion.
The scorpion is heavily wounded.
The scorpion stings you. x2
You hit the scorpion. You headbutt the scorpion.
The scorpion is severely wounded.
The scorpion stings you but does no damage.
The scorpion stings you. You block the scorpion's attack.
You feel very mighty all of a sudden. The scorpion stings you.
The scorpion stings you but does no damage.
You fade into invisibility!
The scorpion barely misses you.
You slash the scorpion!
You kill the scorpion!
The ogre hits you with a +0 giant club!!
Ouch! That really hurt!
You die...

### ...
#.#######
#.......#
#....<..#
#.......#
#.......# #
#.......###.#
+.......O@..#
#.......#####
######.## #.#
#.# #.# #..
#.


You could see an ogre (unable to see you).

Vanquished Creatures
  A scorpion (D:4)
  Terence (D:2)
  4 ball pythons
  4 endoplasms
  2 goblins (D:1)
  4 hobgoblins
  3 quokkas (D:3)
  6 bats
  3 frilled lizards
  7 kobolds
  4 rats
39 creatures vanquished.

Notes
Turn   | Place    | Note
-------+----------+-------------------------------------------
     0 | D:1      | Peloso the Minotaur Fighter began the quest for the Orb.
     0 | D:1      | Reached XP level 1. HP: 19/19 MP: 0/0
   121 | D:1      | Reached XP level 2. HP: 27/27 MP: 1/1
   590 | D:2      | Found a blossoming altar of Fedhas.
   591 | D:2      | Noticed Terence
   594 | D:2      | Noticed Sigmund
   599 | D:2      | Killed Terence
   600 | D:2      | Reached XP level 3. HP: 26/33 MP: 2/2
   914 | D:3      | Reached skill level 1 in Dodging
  1074 | D:3      | Found a burning altar of Makhleb.
  1078 | D:3      | Noticed a cacodemon
  1081 | D:3      | Found a glowing silver altar of Zin.
  1081 | D:3      | Noticed an angel
  1422 | D:4      | Noticed a scorpion
  1424 | D:4      | Noticed an ogre
  1434 | D:4      | Killed a scorpion
  1434 | D:4      | Slain by an ogre

Illustrated notes

Levels and vault maps discovered:
D:1:      lightli_arrival_maybe_door_vault, layout_basic
D:2:      layout_basic, ebering_ecumenical_altar_petrified, basic_altar,
          uniq_terence, uniq_sigmund
D:3:      layout_rooms, grunt_temple_overflow_order_and_chaos_2
D:4:      layout_basic, minmay_misc_feat_four_crosses, uniq_menkaure

Skill      XL: |  1  2  3 |
---------------+----------+-----
Shields        | 4 |  4.2
Fighting       | 4 |  4.2
Long Blades    | 3 |  3.4
Armour         | 4 |  4.1
Dodging        | 1 |  1.0

Action                     || total
---------------------------++-------
  Melee: Long sword        ||    95
         Headbutt          ||    12
    Use: Potion            ||     6
         Scroll            ||     6
 Armour: Scale mail        ||    92
         Skin              ||    14
  Dodge: Dodged            ||    40
  Block: Buckler           ||    26
